 Dungeon Crawl Stone Soup version 0.29-a0-322-g68df515428 (webtiles) character file.

Game seed: 10681914554141282459

1668 Murumi the Covert (level 8, -5/46 HPs)
             Began as a Vampire Enchanter on Apr 8, 2022.
             Slain by a wight
             ... wielding a +0 flail
              (14 damage)
             ... on level 7 of the Dungeon.
             The game lasted 00:17:56 (5304 turns).

Murumi the Covert (Vampire Enchanter)               Turns: 5304, Time: 00:17:57

Health: -5/46      AC:  4    Str:  7    XL:     8   Next: 69%
Magic:  8/12       EV: 12    Int: 17    God:
Gold:   281        SH:  5    Dex: 17    Spells: 0/13 levels left

rFire   + . .      SeeInvis +   l - +2 dagger (elec)
rCold   + + .      Faith    .   s - +1 buckler
rNeg    + + +      Spirit   .   b - +0 robe
rPois   ∞          Reflect  .   m - +0 helmet
rElec   .          Harm     .   (no cloak)
rCorr   .          Rampage  .   j - +0 pair of gloves
Will    .....                   (no boots)
Stlth   +++++++...              (no amulet)
HPRegen 0.00/turn               r - ring of protection from fire
MPRegen 0.13/turn               (no ring)

@: bloodless, inhibited regen, invisible
A: bloodless, fangs 3, see invisible, vampiric 2
a: Bat Form, Revivify


You were on level 7 of the Dungeon.
You visited 1 branch of the dungeon, and saw 7 of its levels.
You also visited: Ossuary.

You collected 330 gold pieces.
You spent 49 gold pieces at shops.

Inventory:

Hand Weapons
 l - a +2 dagger of electrocution (weapon)
Missiles
 p - a throwing net
Armour
 b - a +0 robe (worn)
 j - a +0 pair of gloves (worn)
 m - a +0 helmet (worn)
 s - a +1 buckler (worn)
Jewellery
 r - a ring of protection from fire (left hand)
Wands
 n - a wand of iceblast (6)
 v - a wand of flame (21)
Scrolls
 i - 3 scrolls of teleportation
 t - a scroll of enchant armour
 u - a scroll of blinking
Potions
 a - a potion of flight {unknown}
 d - 3 potions of curing
 e - 2 potions of might
 f - 2 potions of heal wounds
 g - 2 potions of resistance {unknown}
 h - a potion of brilliance {unknown}
 k - a potion of magic {unknown}
 o - a potion of berserk rage {unknown}
 q - a potion of cancellation {unknown}
 w - a potion of degeneration {unknown}


   Skills:
 + Level 3.2 Fighting
 - Level 5.0 Short Blades
 - Level 1.0 Armour
 - Level 3.0 Dodging
 - Level 10.0 Stealth
 - Level 1.0 Shields
 - Level 3.0 Spellcasting
 - Level 1.0 Conjurations
 - Level 9.0 Hexes
 - Level 2.0 Ice Magic
 - Level 1.0 Evocations


You couldn't memorise any spells.
You knew the following spells:

 Your Spells              Type           Power      Damage    Failure   Level
a - Ensorcelled Hibernat  Hex/Ice        42%        N/A       3%          2
b - Confusing Touch       Hex            33%        N/A       1%          3
c - Tukima's Dance        Hex            33%        N/A       1%          3
d - Dazzling Flash        Conj/Hex       38%        N/A       9%          3
e - Blink                 Tloc           4%         N/A       34%         2

Your spell library contained the following spells:

 Spells                   Type           Power      Damage    Failure   Level
 Sublimation of Blood     Necr           2%         N/A       34%         2
 Wereblood                Tmut           2%         N/A       34%         2
 Lesser Beckoning         Tloc           2%         N/A       56%         3
 Manifold Assault         Tloc           2%         N/A       100%        5
 Summon Hydra             Summ           1%         N/A       100%        7


Dungeon Overview and Level Annotations

Branches:
Dungeon (8/15)            Ossuary (visited)
 Temple: D:4-7         Lair: D:8-11

Altars:
Vehumet
Yredelemnul

Shops:
D:1 ==[(


Innate Abilities, Weirdness & Mutations

You do not regenerate when monsters are visible.
You are frail without blood (-20% HP).
You can heal yourself when you bite living creatures.
You are immune to poison.
You have razor-sharp teeth.
You have supernaturally acute eyesight. (SInv)
You are afflicted with vampirism and can become a bat while bloodless.


Message History

Confirm with . or Enter, or press ? or * to list all spells.
Your hands begin to glow red.
The wight barely misses you.
You hit the wight but do no damage.
The wight appears confused.
You bite the wight, but do no damage.
The wight hits you from afar with a +0 spear.
The wight hits the wight with a +3 scimitar!
The wight hits itself with a +3 scimitar!
You hit the wight.
The wight is heavily damaged.
The wight hits you from afar with a +0 spear.
* * * LOW HITPOINT WARNING * * *
You hit the wight but do no damage.
The wight is heavily damaged.
You block the wight's attack.
You fade into invisibility!
The wight closely misses you.
You hit the wight but do no damage. Lightning courses through the wight!!
You destroy the wight!
The wight barely misses you.
An iguana comes into view.
Items here: )) [[.
You catch the helpless wight completely off-guard!
You impale the wight!!
You destroy the wight!
Training target 9.0 for Hexes reached!
Your Hexes skill increases to level 9!
You need to enable at least one skill for training.
The iguana hisses angrily.
You hit the wight.
The wight is lightly damaged.
You hear a shout!
The wight closely misses you.
You hit the wight but do no damage.
The wight is lightly damaged.
You barely miss the wight.
The wight is lightly damaged.
An orc wizard comes into view. It is wielding a +0 dagger.
An orc comes into view. It is wielding a +0 dagger.
The wight hits you with a +0 flail!
You die...

...# ####. o###
....o..... ..< .....
....... #.#.. #..#
##z# .#. #@## .. #.#
.#####.## #.##
#...##.... ###..##
##. #.#.....
##...#.###.###.......
#...........##.......
#...........##[......
#......##......#.....
##...................


You could see a wight (can't see you), an orc wizard (wandering, can't see you)
and an orc (wandering, can't see you).

Vanquished Creatures
  2 water moccasins
  2 black bears (D:4)
  An orc warrior (D:8)
  2 sky beasts
  A kobold brigand (D:8)
  A gnoll sergeant (D:4)
  A bullfrog (D:8)
  A scorpion (D:4)
  A necrophage (D:4)
  3 wights (D:7)
  2 human zombies (Ossuary)
  A centaur zombie (Ossuary)
  An orc priest (D:8)
  2 hounds (D:5)
  2 iguanas
  A hound skeleton (D:3)
  3 hound zombies (Ossuary)
  3 mummies (Ossuary)
  2 adders (D:2)
  7 gnolls
  6 adder zombies
  An adder skeleton (D:3)
  2 dart slugs
  10 orcs
  5 ball pythons
  2 bats (D:1)
  8 endoplasms
  2 giant cockroaches (D:1)
  6 goblins
  3 hobgoblins
  7 jackals
  2 quokkas
  3 frilled lizards
  2 gnoll zombies (Ossuary)
  3 hobgoblin zombies (Ossuary)
  2 jackal zombies (Ossuary)
  8 kobolds
  3 kobold zombies (Ossuary)
  2 orc zombies (Ossuary)
  3 quokka zombies (Ossuary)
  4 rats
  8 rat zombies (Ossuary)
131 creatures vanquished.

Notes
Turn   | Place    | Note
-------+----------+-------------------------------------------
     0 | D:1      | Murumi the Vampire Enchanter began the quest for the Orb.
     0 | D:1      | Reached XP level 1. HP: 13/13 MP: 3/3
   307 | D:1      | Reached skill level 5 in Stealth
   307 | D:1      | Found Nyngask's Antique Weapon Shoppe.
   398 | D:1      | Reached XP level 2. HP: 15/15 MP: 5/5
   440 | D:1      | Learned a level 2 spell: Ensorcelled Hibernation
   525 | D:1      | Found a faded altar of an unknown god.
   583 | D:1      | Found Zafiweomp's Jewellery Shoppe.
   932 | D:1      | Found Ciefud's Jewellery Emporium.
   958 | D:1      | Found Hougiahe's Armour Boutique.
   964 | D:1      | Reached skill level 5 in Hexes
  1027 | D:2      | Gained mutation: You are afflicted with vampirism and can
                  | become a bat while bloodless. [Vampire growth]
  1027 | D:2      | Reached XP level 3. HP: 20/20 MP: 6/6
  1045 | D:2      | Learned a level 3 spell: Confusing Touch
  1223 | D:2      | Reached skill level 1 in Fighting
  1296 | D:2      | Reached skill level 1 in Ice Magic
  1296 | D:2      | Reached XP level 4. HP: 14/25 MP: 2/7
  1758 | D:1      | Bought a +0 pair of gloves for 49 gold pieces
  2357 | D:3      | Noticed a sky beast
  2364 | D:3      | Killed a sky beast
  2365 | D:3      | Reached skill level 6 in Stealth
  2365 | D:3      | Reached skill level 1 in Armour
  2365 | D:3      | Reached XP level 5. HP: 30/30 MP: 8/8
  2989 | D:4      | Reached skill level 7 in Stealth
  2989 | D:4      | Reached XP level 6. HP: 11/35 MP: 6/9
  3228 | D:4      | Reached skill level 8 in Stealth
  3604 | D:4      | Reached XP level 7. HP: 41/41 MP: 5/10
  3608 | D:4      | Learned a level 3 spell: Tukima's Dance
  3690 | D:4      | Found a radiant altar of Vehumet.
  3690 | D:4      | Found a basalt altar of Yredelemnul.
  3809 | D:4      | Reached skill level 1 in Evocations
  4082 | D:5      | Entered Level 5 of the Dungeon
  4363 | D:5      | Learned a level 3 spell: Dazzling Flash
  4453 | D:5      | You fall into a shaft and drop 3 floors!
  4466 | D:8      | Reached skill level 9 in Stealth
  4476 | D:8      | Reached skill level 1 in Conjurations
  4476 | D:8      | Reached XP level 8. HP: 46/46 MP: 6/12
  4596 | D:8      | Reached skill level 1 in Shields
  4642 | D:8      | Found a sand-covered staircase.
  4651 | Ossuary  | Entered an ossuary
  4975 | Ossuary  | Reached skill level 5 in Short Blades
  5205 | D:7      | Reached skill level 10 in Stealth
  5208 | D:7      | Learned a level 2 spell: Blink
  5304 | D:7      | Slain by a wight

Illustrated notes

Levels and vault maps discovered:
D:1:      nicolae_arrival_memento_mori, layout_basic, serial_shops,
          nicolae_shop_trees, shop, shop, nicolae_shop_hallway_plus,
          shapermc_ecumenical_altar_starsandcircs
D:2:      layout_loops_cross
D:3:      layout_basic, serial_undead, serial_undead_c, serial_undead_a,
          serial_undead_d, serial_undead_d
D:4:      layout_gridville, gammafunk_temple_overflow_elements
D:5:      layout_loops_ring, pdpol_temple_overflow_zin_treasury_gozag_greed,
          minivault_4
D:7:      layout_loops_cross, minmay_temple_entry_wispy, lightli_orcish_oven,
          uniq_pikel, uniq_prince_ribbit1
D:8:      layout_basic, lair_entry_dummy, lightli_ossuary_entry_decrepit_ruins

Skill      XL: |  1  2  3  4  5  6  7  8 |
---------------+-------------------------+-----
Stealth        | 5 6 7 8 9 10 | 10.0
Short Blades   | 2 3 4 5 |  5.0
Hexes          | 5 7 9 |  9.0
Dodging        | 3 |  3.0
Fighting       | 1 2 3 |  3.2
Ice Magic      | 1 2 |  2.0
Armour         | 1 |  1.0
Evocations     | 1 |  1.0
Spellcasting   | 3 |  3.0
Conjurations   | 1 |  1.0
Shields        | 1 |  1.0

Action                   |  1- 3 |  4- 6 |  7- 9 || total
-------------------------+-------+-------+-------++-------
Melee: Dagger            |    44 |    94 |   177 ||   315
       Bite              |       |     6 |    20 ||    26
       Punch             |       |     2 |       ||     2
 Cast: Ensorcelled Hiber |     7 |    13 |    21 ||    41
       Confusing Touch   |       |     1 |     2 ||     3
 Abil: Exsanguinate      |     1 |       |       ||     1
  Use: Scroll            |     4 |     5 |     5 ||    14
       Potion            |       |     1 |     1 ||     2
 Stab: Sleeping          |    21 |    22 |    24 ||    67
       Distracted        |       |     1 |       ||     1
       Invisible         |       |     5 |     1 ||     6
       Confused          |       |     1 |     1 ||     2
Armor: Robe              |     3 |    10 |    30 ||    43
Dodge: Dodged            |    24 |    39 |   101 ||   164
Block: Buckler           |       |       |    33 ||    33

Table legend: (Time is in decaauts)
 A = Elapsed time spent in this place.
 B = Non-inter-level travel time spent in this place.
 C = Inter-level travel time spent in this place.
 D = Time resting spent in this place.
 E = Time spent auto-exploring this place.
 F = Levels seen in this place.
 G = Mean time per level.
                   A        B        C        D        E       F      G
               +--------+--------+--------+--------+--------+-----+--------+
         Total |   5259 |   4916 |    343 |     23 |   3873 |   8 |  657.4 |
       Dungeon |   4742 |   4399 |    343 |     23 |   3535 |   7 |  677.4 |
       Ossuary |    517 |    517 |      0 |      0 |    338 |   1 |  517.0 |
               +--------+--------+--------+--------+--------+-----+--------+

Top non-repeatable levels by time:
     D:4: 1299 daAuts
     D:1: 1065 daAuts
     D:2: 971 daAuts
     D:3: 867 daAuts
 Ossuary: 517 daAuts
     D:5: 231 daAuts
     D:8: 207 daAuts
     D:7: 100 daAuts
